 Dungeon Crawl Stone Soup version 0.20.1-1-g8b1a95d (webtiles) character file.

110839 equalderp2856 the Severer (level 16, -15/147 HPs)
             Began as a Minotaur Fighter on Aug 14, 2017.
             Demolished by a cyclops (22 damage)
             ... while paralysed
             ... on level 15 of the Dungeon on Aug 15, 2017.
             The game lasted 01:57:19 (40429 turns).

equalderp2856 the Severer (Minotaur Fighter)       Turns: 40429, Time: 01:57:19

Health: -15/147    AC: 23    Str: 22    XL:     16   Next: 8%
Magic:  16/16      EV:  2    Int: 12    God:
Gold:   1802       SH:  0    Dex: 15    Spells: 15/15 levels left

rFire    . . .     SeeInvis .   Z - +0 broad axe
rCold    + . .     Gourm    +   m - +2 shield
rNeg     . . .     Faith    .   C - +0 plate armour "Wysistrin" {rElec rCorr Int+4}
rPois    +         Spirit   .   (helmet restricted)
rElec    +         Reflect  .   S - +1 cloak {rPois}
rCorr    +         Harm     .   J - +0 pair of gloves
MR       +....                  w - +1 pair of boots
Stlth    ..........             X - amulet of the gourmand
Regen    0.4/turn               O - ring of protection from cold
MPRegen  0.2/turn               s - +2 ring of dexterity

@: paralysed, fainting, slowed
A: retaliatory headbutt, horns 2
a: no special abilities


You were on level 15 of the Dungeon.
You were fainting.

You visited 3 branches of the dungeon, and saw 22 of its levels.
You visited the Abyss 1 time.
You also visited: Sewer.

You collected 1802 gold pieces.

Inventory:

Hand Weapons
 a - a +1 war axe
 b - a +4 spear
 o - the +6 fustibalus "Icuasebe" {freeze, Str+4}
   (You found it on level 1 of the Lair of Beasts)

   It causes projectiles fired from it to freeze those they strike, causing
   extra injury to most foes and up to half again as much damage against
   particularly susceptible opponents.
   They can also slow down cold-blooded creatures.
   It affects your strength (+4).
 p - a +3 hunting sling
 t - a +0 trident
 x - a +0 hand crossbow
 Z - a +0 broad axe (weapon)
Missiles
 c - 143 arrows
 k - 193 stones (quivered)
 u - 83 sling bullets
Armour
 m - a +2 shield (worn)
 w - a +1 pair of boots (worn)
 C - the +0 plate armour "Wysistrin" (worn) {rElec rCorr Int+4}
   (You found it on level 12 of the Dungeon)

   It affects your intelligence (+4).
   It insulates you from electricity.
   It protects you from acid and corrosion.
 G - a +0 pair of boots
 J - a +0 pair of gloves (worn)
 M - a +0 plate armour
 S - a +1 cloak of poison resistance (worn)
 W - a +1 cloak
 Y - a +0 pair of boots
Magical Staves
 K - an uncursed staff of earth {unknown}
Jewellery
 s - a +2 ring of dexterity (right hand)
 B - an uncursed ring of flight
 D - an uncursed ring of fire
 O - a ring of protection from cold (left hand)
 V - an uncursed ring of protection from cold
 X - an amulet of the gourmand (around neck)
Wands
 j - a wand of flame (21/48)
 H - a wand of flame (3/48)
 L - a wand of confusion (40/48)
 N - a wand of enslavement (12/24)
 Q - a wand of flame (24/48)
Scrolls
 e - 8 scrolls of teleportation
 g - a scroll of immolation {unknown}
 n - 7 scrolls of identify
 v - 4 scrolls of fear
 y - 4 scrolls of remove curse
 F - 4 scrolls of fog
 R - a scroll of noise {unknown}
 T - a scroll of magic mapping
 U - 2 scrolls of blinking
Potions
 d - 4 potions of might
 h - 5 potions of heal wounds
 q - 2 potions of haste
 r - 3 potions of berserk rage
 z - 2 potions of invisibility
 A - 4 potions of curing
 E - a potion of cancellation {unknown}
 P - 2 potions of ambrosia
Miscellaneous
 i - a lamp of fire
Comestibles
 f - 17 bread rations
 l - 14 meat rations
 I - 6 royal jellies


   Skills:
 + Level 14.3 Fighting
 + Level 19.3(19.4) Axes
 + Level 3.2(13.4) Polearms
 + Level 15.2 Armour
 + Level 5.4 Dodging
 + Level 1.7 Stealth
 + Level 16.6 Shields
 + Level 2.3 Evocations


You had 15 spell levels left.
You didn't know any spells.

Dungeon Overview and Level Annotations

Branches:
Dungeon (15/15)            Temple (0/1) D:5            Lair (6/6) D:8
  Swamp (0/4) Lair:4       Spider (0/4) Lair:2          Orc (1/2) D:9
 Vaults (0/5) D:13         Depths (0/5) D:15
  Slime: Lair:5-6

Altars:
Cheibriados
Fedhas
Gozag
Okawaru
Qazlal
Ru
Trog
Uskayaw
Vehumet
Xom
Yredelemnul
Zin
The Shining One

Shops:
D:8 ?   D:9 [   D:13 %

Annotations:
D:4 Monsterracer's ghost, novice BaIE
D:13 Frances
D:15 exclusion: obsidian statue
Lair:6 Rupert


Innate Abilities, Weirdness & Mutations

You reflexively headbutt those who attack you in melee.
You have a pair of horns on your head.


Message History

The phantasmal warrior hits you! The wraith completely misses you.
The phantasmal warrior hits you!!
* * * LOW HITPOINT WARNING * * *
The cyclops hits you but does no damage.
The wraith hits you.
* * * LOW HITPOINT WARNING * * *
The wraith drains your vigour!
You feel yourself slow down.
The phantasmal warrior barely misses you.
The cyclops completely misses you. The wraith hits you but does no damage.
The phantasmal warrior hits you.
* * * LOW HITPOINT WARNING * * *
The wraith hits you.
* * * LOW HITPOINT WARNING * * *
The wraith drains your vigour!
You feel as though you will be slow longer.
The deep elf mage gestures wildly while chanting.
The deep elf mage blinks!
The phantasmal warrior hits you!
* * * LOW HITPOINT WARNING * * *
The cyclops hits you!!
You die...

....#.....#....###..###......#
....#.....#.....######.......#
....#.....#......# #........#
##.####..##.#....# #.......##
.#.####..##.#...######......#
.#.|...........###..###.....##
.'............###....###.....#
.#............##.WE...##.....#
.###+####...#...@C.((.((....##
...#.#########.##WE.##.######
...#...#..........§.e....
...#...+.=................E
...#...#..................E.#
.?.#..###../.####..####.§...#
####..###....####### .....#
............)....... ..§...
....................


You could see a cyclops, a phantasmal warrior, 2 earth elementals, a deep elf
mage and a wraith.

Vanquished Creatures
  2 tentacled starspawn (Abyss:2)
  The ghost of KingStallion the Fencer, a journeyman BaFi of Okawaru (D:12)
  Nessos (D:14)
  3 hydras
  An ice dragon (D:13)
  6 centaur warriors
  5 two-headed ogres
  Erica (D:11)
  19 death yaks
  A titan zombie (D:15)
  5 thrashing horrors (Abyss:2)
  A sixfirhy (Abyss:2)
  An unseen horror (shapeshifter) (D:12)
  A wretched star (Abyss:2)
  A shadow wraith (D:12)
  4 skeletal warriors
  2 unseen horrors (D:10)
  A phantasmal warrior (D:14)
  2 manticores (D:12)
  A necromancer (D:15)
  5 ugly things
  2 cyclopes
  2 oklob plants (Lair:1)
  2 centaur zombies
  A salamander (shapeshifter) (D:14)
  29 elephants
  Maurice (D:9)
  A torpor snail (Lair:6)
  4 black mambas
  A black mamba (shapeshifter) (D:13)
  Joseph (D:8)
  A gargoyle (D:13)
  An orange demon (Abyss:2)
  26 spiny frogs
  A yaktaur (D:11)
  3 centaur skeletons
  A freezing wraith (D:15)
  10 komodo dragons
  An ancient zyme (Abyss:2)
  A guardian mummy (D:15)
  A tyrant leech (Lair:5)
  2 jumping spiders (Lair:2)
  9 trolls
  A hornet (D:10)
  A deep troll zombie (D:15)
  A polar bear (shapeshifter) (D:13)
  2 raiju (Abyss:2)
  2 dream sheep
  A meliai zombie (D:12)
  8 slime creatures
  Grinder (D:5)
  36 blink frogs
  An ettin zombie (D:15)
  6 hippogriffs
  A vampire (D:15)
  A redback (Lair:2)
  3 wraiths
  A centaur simulacrum (D:15)
  4 shadows
  A spriggan (D:9)
  62 yaks
  2 wyverns
  A spriggan skeleton (D:15)
  A ynoxinul (Abyss:2)
  3 hungry ghosts
  4 basilisks
  11 vampire mosquitoes
  2 wargs
  A steam dragon (D:8)
  An acid dragon (D:14)
  10 porcupines
  5 sky beasts
  A large abomination (Abyss:2)
  23 orc warriors
  8 water moccasins
  2 ice beasts
  6 phantoms
  2 black bears
  An eye of draining (D:10)
  12 ogres
  14 wolves
  13 centaurs
  11 crocodiles
  3 big kobolds
  28 bullfrogs
  A wyvern zombie (D:14)
  5 small abominations (Abyss:2)
  4 scorpions
  9 killer bees
  3 wights (D:14)
  9 howler monkeys
  8 electric eels
  A lava snake (Lair:4)
  5 crimson imps
  A bullfrog zombie (D:7)
  A quasit (D:6)
  12 hounds
  10 jellies
  3 bullfrog skeletons
  21 orc priests
  2 iron imps (Abyss:2)
  4 iguanas
  Ijyb (D:5)
  27 orc wizards
  13 worker ants
  A hound zombie (D:7)
  3 hound skeletons
  15 adders
  9 gnolls
  2 howler monkey skeletons
  A shadow imp (D:7)
  2 ufetubi (Abyss:2)
  14 oozes
  2 adder zombies
  3 worms
  A dart slug (D:2)
  9 leopard geckos
  93 orcs
  2 ball pythons
  12 giant cockroaches
  9 goblins
  10 hobgoblins
  18 jackals
  4 quokkas
  4 bats
  12 frilled lizards
  2 jackal skeletons (D:5)
  24 kobolds
  2 leopard gecko skeletons
  A quokka skeleton (D:4)
  6 rats
  2 fungi
  18 plants
  A starspawn tentacle (Abyss:2)
885 creatures vanquished.

Vanquished Creatures (others)
  A sky beast (D:7)
  An orc wizard (D:8)
  28 fungi
  A lurking horror (Abyss:2)
  50 plants
  4 starspawn tentacles (Abyss:2)
85 creatures vanquished.

Grand Total: 970 creatures vanquished

Notes
Turn   | Place    | Note
-------+----------+-------------------------------------------
     0 | D:1      | equalderp2856 the Minotaur Fighter began the quest for the Orb.
     0 | D:1      | Reached XP level 1. HP: 19/19 MP: 0/0
   133 | D:1      | Reached XP level 2. HP: 27/27 MP: 1/1
   692 | D:2      | Reached XP level 3. HP: 33/33 MP: 2/2
   749 | D:2      | Reached skill level 3 in Axes
  1405 | D:3      | Reached XP level 4. HP: 39/40 MP: 3/3
  1864 | D:3      | Reached skill level 4 in Axes
  1910 | D:3      | Noticed a big kobold
  1923 | D:3      | Killed a big kobold
  1923 | D:3      | Reached skill level 1 in Dodging
  1923 | D:3      | Reached XP level 5. HP: 46/47 MP: 4/4
  2652 | D:4      | Reached skill level 5 in Axes
  2652 | D:4      | Reached XP level 6. HP: 42/53 MP: 5/5
  2832 | D:4      | Noticed Monsterracer's ghost (novice BaIE)
  2833 | D:4      | Noticed an ice beast
  2869 | D:5      | Entered Level 5 of the Dungeon
  2872 | D:5      | Noticed Ijyb
  3035 | D:4      | Found a glowing drain.
  3039 | D:4      | Reached skill level 5 in Shields
  3059 | Sewer    | Entered a sewer
  4204 | D:4      | Reached skill level 5 in Fighting
  4204 | D:4      | Reached skill level 5 in Armour
  4401 | D:4      | Reached skill level 6 in Axes
  4401 | D:4      | Reached XP level 7. HP: 50/61 MP: 6/6
  4455 | D:4      | Found an opulent altar of Gozag.
  4553 | D:4      | Found a sacrificial altar of Ru.
  5256 | D:5      | Found a hide-covered altar of Uskayaw.
  5267 | D:5      | Reached skill level 7 in Axes
  5302 | D:5      | Reached XP level 8. HP: 50/70 MP: 7/7
  5321 | D:5      | Found a blossoming altar of Fedhas.
  5394 | D:5      | Killed Ijyb
  5520 | D:5      | Noticed Grinder
  5660 | D:6      | Reached skill level 8 in Axes
  6097 | D:7      | Found a glowing golden altar of the Shining One.
  6099 | D:7      | Noticed an angel
  6108 | D:7      | Found a basalt altar of Yredelemnul.
  6110 | D:7      | Noticed a profane servitor
  6139 | D:7      | Found a shimmering altar of Xom.
  6592 | D:5      | Found a staircase to the Ecumenical Temple.
  6663 | D:5      | Reached skill level 9 in Axes
  6703 | D:5      | Paralysed by Grinder for 4 turns
  6708 | D:5      | Killed Grinder
  6827 | D:5      | Reached XP level 9. HP: 71/78 MP: 8/8
  7172 | D:6      | Reached skill level 10 in Axes
  7374 | D:6      | Found a radiant altar of Vehumet.
  8705 | D:5      | Reached skill level 1 in Stealth
  9151 | D:7      | Got a transparent glass ring
  9153 | D:7      | Identified the ring "Migeg" {rPois Stlth-} (You found it on level 7 of the Dungeon)
  9344 | D:7      | Reached skill level 11 in Axes
  9640 | D:8      | Noticed a death yak
  9641 | D:8      | Noticed a death yak
  9642 | D:8      | Noticed a death yak
  9642 | D:8      | Noticed a death yak
  9642 | D:8      | Noticed Joseph
  9643 | D:8      | Noticed a death yak
  9643 | D:8      | Noticed a death yak
  9643 | D:8      | Noticed a death yak
  9656 | D:8      | Noticed a death yak
  9660 | D:8      | Noticed a death yak
 10842 | D:7      | Killed a death yak
 10842 | D:7      | Reached XP level 10. HP: 38/88 MP: 9/9
 11077 | D:8      | Killed a death yak
 11203 | D:8      | Killed Joseph
 11214 | D:8      | Found a staircase to the Lair.
 11387 | D:8      | Found an iron altar of Okawaru.
 11390 | D:8      | Found a bloodstained altar of Trog.
 11404 | D:8      | Reached skill level 12 in Axes
 11894 | D:7      | Killed a death yak
 12080 | D:8      | Found Jazakhos's Magic Scroll Emporium.
 12135 | Lair:1   | Entered Level 1 of the Lair of Beasts
 12157 | Lair:1   | Noticed a spiny frog
 12165 | Lair:1   | Killed a spiny frog
 12976 | Lair:1   | Noticed an oklob plant
 12976 | Lair:1   | Noticed an oklob plant
 13247 | Lair:1   | Noticed a spiny frog
 13255 | Lair:1   | Killed a spiny frog
 13299 | Lair:1   | Reached skill level 13 in Axes
 13299 | Lair:1   | Reached XP level 11. HP: 90/95 MP: 10/10
 13304 | Lair:1   | Reached skill level 10 in Armour
 14011 | Lair:1   | Killed an oklob plant
 14432 | Lair:1   | Killed an oklob plant
 14914 | Lair:1   | Noticed an eight-headed hydra
 15467 | D:8      | Killed a death yak
 15467 | D:8      | Reached skill level 10 in Shields
 15763 | D:8      | Killed a death yak
 15947 | D:7      | Killed a death yak
 15947 | D:7      | Reached skill level 14 in Axes
 15947 | D:7      | Reached skill level 1 in Polearms
 15947 | D:7      | Reached skill level 1 in Evocations
 16234 | D:8      | Killed a death yak
 16675 | D:9      | Found Hudablau's Antique Armour Shop.
 16675 | D:9      | Noticed Maurice
 17174 | D:9      | Killed Maurice
 18004 | D:7      | Killed a death yak
 18273 | D:9      | Reached XP level 12. HP: 76/106 MP: 12/12
 18497 | D:9      | Found a glowing silver altar of Zin.
 18662 | D:9      | Reached skill level 10 in Fighting
 18683 | D:9      | Found a staircase to the Orcish Mines.
 19219 | D:9      | Found a snail-covered altar of Cheibriados.
 19387 | D:10     | Entered Level 10 of the Dungeon
 19434 | D:10     | Reached skill level 15 in Axes
 19602 | D:10     | Noticed a centaur warrior
 19627 | D:10     | Killed a centaur warrior
 22098 | Lair:1   | Killed an eight-headed hydra
 22240 | Lair:1   | Got a bone fustibalus
 22268 | Lair:1   | Identified the +6 fustibalus "Icuasebe" {freeze, Str+4} (You found it on level 1 of the Lair of Beasts)
 23041 | Lair:2   | Found a hole to the Spider Nest.
 23061 | Lair:2   | Reached XP level 13. HP: 111/115 MP: 13/13
 23528 | Lair:3   | Reached skill level 16 in Axes
 24528 | Lair:4   | Found a staircase to the Swamp.
 25316 | Lair:4   | Reached skill level 17 in Axes
 26473 | Lair:4   | Reached XP level 14. HP: 112/126 MP: 14/14
 27525 | Lair:6   | Entered Level 6 of the Lair of Beasts
 28062 | Lair:6   | Reached skill level 18 in Axes
 29153 | Lair:6   | Reached skill level 5 in Dodging
 29566 | Lair:6   | Noticed Rupert
 30068 | Orc:1    | Entered Level 1 of the Orcish Mines
 32973 | D:11     | Noticed Erica
 32991 | D:11     | Killed Erica
 32991 | D:11     | Reached XP level 15. HP: 135/135 MP: 15/15
 34109 | D:12     | Got a smoking plate armour
 34122 | D:12     | Identified the +0 plate armour "Wysistrin" {rElec rCorr Int+4} (You found it on level 12 of the Dungeon)
 34163 | D:12     | Reached skill level 15 in Shields
 34243 | D:12     | Found a stormy altar of Qazlal.
 34849 | D:12     | Noticed KingStallion's ghost (journeyman BaFi)
 34917 | D:12     | Killed KingStallion's ghost
 35863 | D:13     | Found a gate to the Vaults.
 35919 | D:13     | Found Amiutret's Food Shop.
 36651 | D:13     | Noticed Frances
 37118 | D:14     | Reached skill level 19 in Axes
 37872 | D:15     | Entered Level 15 of the Dungeon
 37876 | D:15     | Cast into level 2 of the Abyss (a wizard)
 37876 | Abyss:2  | Found a basalt altar of Yredelemnul.
 38005 | Abyss:2  | Noticed a tentacled starspawn
 38024 | Abyss:2  | Killed a tentacled starspawn
 38200 | Abyss:2  | Found a corrupted altar of Lugonu.
 38280 | Abyss:2  | Found a bloodstained altar of Trog.
 38361 | Abyss:2  | Noticed a profane servitor
 38373 | Abyss:2  | Found a corrupted altar of Lugonu.
 38483 | Abyss:2  | Reached skill level 15 in Armour
 38494 | Abyss:2  | Found a corrupted altar of Lugonu.
 38523 | Abyss:2  | Noticed a tentacled starspawn
 38532 | Abyss:2  | Killed a tentacled starspawn
 38538 | D:15     | Escaped the Abyss
 39533 | D:15     | Found a staircase to the Depths.
 39788 | D:15     | Noticed Nessos
 39812 | D:15     | Reached XP level 16. HP: 74/146 MP: 16/16
 40037 | D:14     | Killed Nessos
 40420 | D:15     | Paralysed by fainting for 11 turns
 40429 | D:15     | HP: 7/147 [phantasmal warrior[a death knight] (14)]
 40429 | D:15     | Demolished by a cyclops

Skill      XL: |  1  2  3  4  5  6  7  8  9 10 11 12 13 14 15 |
---------------+----------------------------------------------+-----
Fighting       | 4 5 6 7 8 9 10 12 13 14 | 14.3
Armour         | 4 5 6 8 9 11 12 13 14 15 | 15.2
Axes           | 3 4 5 6 7 9 11 13 14 15 17 18 19 | 19.3
Shields        | 4 5 6 8 9 10 11 13 14 16 | 16.6
Dodging        | 1 2 3 4 5 |  5.4
Stealth        | 1 |  1.7
Polearms       | 1 2 3 |  3.2
Evocations     | 1 2 |  2.3

Action                   |  1- 3 |  4- 6 |  7- 9 | 10-12 | 13-15 | 16-18 || total
-------------------------+-------+-------+-------+-------+-------+-------++-------
Melee: War axe           |   113 |   394 |   152 |       |       |       ||   659
       Headbutt          |    13 |    92 |    72 |   207 |   452 |    20 ||   856
       Broad axe         |       |       |   220 |   754 |  1723 |    50 ||  2747
       Trident           |       |       |       |    21 |    11 |       ||    32
       Spear             |       |       |       |       |     9 |       ||     9
Evoke: Wand              |       |       |     2 |    30 |    12 |       ||    44
  Use: Scroll            |       |     6 |     2 |     4 |    16 |       ||    28
       Potion            |       |       |     1 |     1 |     5 |       ||     7
 Stab: Confused          |       |       |       |       |     1 |       ||     1
  Eat: Chunk             |     1 |    11 |    17 |    44 |    50 |       ||   123
       Fruit             |       |     1 |     2 |     6 |     5 |       ||    14
       Royal jelly       |       |       |       |       |     1 |       ||     1
Armor: Scale mail        |    26 |       |       |       |       |       ||    26
       Chain mail        |    39 |   134 |   153 |   109 |       |       ||   435
       Plate armour      |       |       |       |   211 |   725 |    20 ||   956
Dodge: Dodged            |    25 |    64 |   118 |   172 |   427 |    10 ||   816
Block: Shield            |    80 |   144 |   209 |   455 |  1272 |    20 ||  2180
